 Dungeon Crawl Stone Soup version 0.26.0-10-g1f06aea511 (webtiles) character file.

Game seed: 937052396018415779

331 Borgoz the Ducker (level 6, -5/52 HPs)
             Began as a Ghoul Gladiator on Jan 15, 2021.
             Killed from afar by an orc wizard (8 damage)
             ... with a magic dart
             ... while paralysed
             ... on level 3 of the Dungeon.
             The game lasted 00:02:55 (2478 turns).

Borgoz the Ducker (Ghoul Gladiator)                 Turns: 2478, Time: 00:02:56

Health: -5/52      AC:  8    Str: 15 (18) XL:     6   Next: 52%
Magic:  5/5        EV:  2    Int:  0 (3)  God:
Gold:   87         SH:  0    Dex: 10 (12) Spells: 5/5 levels left

rFire    . . .     SeeInvis .   a - +0 long sword
rCold    + . .     Faith    .   (no shield)
rNeg     + + +     Spirit   .   j - +0 ring mail (curse)
rPois    ∞         Reflect  .   c - +0 helmet
rElec    .         Harm     .   (no cloak)
rCorr    .         Rampage  .   f - +0 pair of gloves
Will     .....                  b - +0 pair of boots
Stlth    ..........             (no amulet)
HPRegen  0.00/turn              (no ring)
MPRegen  0.09/turn              (no ring)

@: paralysed, slowed, lost intelligence
A: claws 1, cold resistance 1, negative energy resistance 3, inhibited
regeneration, torment resistance, unbreathing
a: no special abilities


You were on level 3 of the Dungeon.
You visited 1 branch of the dungeon, and saw 3 of its levels.

You collected 87 gold pieces.

Inventory:

Hand Weapons
 a - a +0 long sword (weapon)
Missiles
 d - a throwing net (quivered)
Armour
 b - a +0 pair of boots (worn)
 c - a +0 helmet (worn)
 f - a +0 pair of gloves (worn)
 j - a cursed +0 ring mail (worn)
Jewellery
 g - an uncursed ring of flight
Wands
 h - a wand of flame (11)
Scrolls
 e - a scroll of noise {unknown}
 i - a scroll of magic mapping {unknown}
 k - a scroll of fog {unknown}
 l - 2 scrolls of blinking {unknown}
 m - a scroll of teleportation {unknown}
 n - 2 scrolls of identify {unknown}
 p - a scroll of random uselessness {unknown}
Potions
 o - 2 potions of curing {unknown}


   Skills:
 + Level 3.7 Fighting
 * Level 4.5 Long Blades
 - Level 1.7 Throwing
 * Level 4.5 Dodging


You had 5 spell levels left.
You didn't know any spells.
Your spell library was empty.

Dungeon Overview and Level Annotations

Branches:
Dungeon (3/15)

Altars:
Fedhas


Innate Abilities, Weirdness & Mutations

You thrive by killing the living.
You are immune to poison.
You have sharp fingernails.
Your flesh is cold resistant. (rC+)
You are immune to negative energy. (rN+++)
You do not regenerate when monsters are visible.
You are immune to unholy pain and torment.
You can survive without breathing.


Message History

The puff of flame hits you.
You closely miss something.
You hear some strange, mumbled words.
A magic dart appears from out of thin air!
The magic dart hits you.
* * * LOW HITPOINT WARNING * * *
You miss something.
You hear some strange, mumbled words.
A puff of flame appears from out of thin air!
The puff of flame hits you!
* * * LOW HITPOINT WARNING * * *
It was a potion of degeneration.
There was something very wrong with that liquid.
You feel weakened.
You feel dopey.
You have lost your intelligence.
You feel clumsy. Something hits you but does no damage.
You hear some strange, mumbled words.
A magic dart appears from out of thin air!
The magic dart hits you!
You die...

#.# #.....# #.#
###.### #.# #.#
#.#######.#
#.........#######
#
####........>....
#. #.############
.###..#####.#
......{@.(..#
####..####### #.
#


There were no monsters in sight!

Vanquished Creatures
  Sigmund (D:2)
  Jessica (D:2)
  Natasha (thrice) (D:2)
  Robin (D:1)
  3 adders (D:2)
  2 leopard geckos (D:2)
  2 orcs (D:3)
  A bat (D:2)
  A giant cockroach (D:2)
  10 goblins
  6 hobgoblins
  2 jackals (D:1)
  6 frilled lizards
  2 kobolds
  4 rats
45 creatures vanquished.

Notes
Turn   | Place    | Note
-------+----------+-------------------------------------------
     0 | D:1      | Borgoz the Ghoul Gladiator began the quest for the Orb.
     0 | D:1      | Reached XP level 1. HP: 17/17 MP: 0/0
   393 | D:1      | Reached XP level 2. HP: 25/25 MP: 1/1
   860 | D:2      | Noticed Robin
   894 | D:1      | Reached XP level 3. HP: 17/30 MP: 2/2
  1177 | D:1      | Killed Robin
  1541 | D:2      | Noticed Jessica
  1547 | D:2      | Killed Jessica
  1548 | D:2      | Reached XP level 4. HP: 37/37 MP: 3/3
  1725 | D:2      | Noticed Sigmund
  1742 | D:2      | Killed Sigmund
  1743 | D:2      | Reached XP level 5. HP: 44/45 MP: 4/4
  1743 | D:2      | Reached XP level 6. HP: 50/51 MP: 5/5
  1796 | D:2      | Found a blossoming altar of Fedhas.
  1925 | D:2      | Noticed Natasha
  1931 | D:2      | Killed Natasha
  2244 | D:2      | Noticed Natasha
  2252 | D:2      | Killed Natasha
  2390 | D:2      | Noticed Natasha
  2400 | D:2      | Killed Natasha
  2477 | D:3      | Lost intelligence.
  2478 | D:3      | Killed from afar by an orc wizard

Illustrated notes

Levels and vault maps discovered:
D:1:      lightli_iron_boxes, layout_basic, minmay_misc_feat_cross
D:2:      layout_loops_corners, minivault_24, st_stairs_12, fedhas_altar_1,
          uniq_sigmund, uniq_jessica, uniq_robin, uniq_natasha
D:3:      layout_loops_ring, gammafunk_ghost_cemetery, chequers_mini_garden

Skill      XL: |  1  2  3  4 |
---------------+-------------+-----
Long Blades    | 3 4 |  4.5
Dodging        | 3 4 |  4.5
Fighting       | 3 |  3.7
Throwing       | |  1.7

Action                   |  1- 3 |  4- 6 || total
-------------------------+-------+-------++-------
Melee: Long sword        |    89 |    85 ||   174
Throw: Throwing net      |     3 |     1 ||     4
  Use: Potion            |     1 |     1 ||     2
 Stab: Held in net/web   |       |     1 ||     1
Armor: Leather armour    |     2 |       ||     2
       Ring mail         |    59 |    29 ||    88
Dodge: Dodged            |    92 |    59 ||   151
       Rpst.: Long sword |    29 |    18 ||    47
